morgoth, chaotic female vampiric Wizard --- -- ------------ -------- |.| |. |.......|..| |..|...| |.| |.. ..-....(..- |..|...| ----------- |.- --|.----....--|-------|--...| .....%....| ........(.......................| |.........| |.----------.......----------...|# # |<........| |.| |..|..|......{|....|%!.|....######-.........| |. |..-..|.....%.-....|%%.|...| ----------- |.--------|-.......|.((.|!%.|...| |.....@.').)..{....|....|%%.-...| |.-|-----|-------.----------|...| |.|....|...|(((.|.|....|(...|...| |.|.?=!|.%.|(((.-.|(...|(%.%|...| |.|...[|...|.(..|.)....|(..%|...| ..---------------.------|----...| |...............................| --------------------------------- morgoth the Thaumaturge Experience level: 7 Strength: 11 Dexterity: 12 Constitution: 18 Intelligence: 18 Wisdom: 8 Charisma: 9 Health: 0(60) Energy: 53(82) AC: 7 Gold: 3555 Moves: 1849 Your Inventory: Coins $ - 3555 gold pieces Amulets D - an uncursed lunate amulet [of reflection] (being worn) Weapons a - a blessed +1 quarterstaff (weapon in hands) Armor b - an uncursed +0 cloak of magic resistance (being worn) u - an uncursed +0 Hawaiian shirt (being worn) v - an uncursed +0 pair of hard shoes [of cold resistance (iron)] (being worn) Scrolls i - an uncursed scroll of earth k - an uncursed scroll of punishment J - an uncursed scroll labeled VE FORBRYDERNE [of light] Spellbooks l - a blessed spellbook of force bolt m - an uncursed spellbook of light Potions f - an uncursed potion of paralysis g - an uncursed potion of gain ability h - an uncursed potion of oil q - an uncursed indigo potion [of hallucination] F - an uncursed silver potion [of see invisible] O - a cursed clear potion [of unholy water] Q - 2 cursed luminescent potions [of levitation] Rings d - an uncursed ring of free action (on right hand) e - an uncursed +1 ring of adornment z - a cursed -1 ring of gain intelligence R - a cursed ring of protection from shape changers S - a cursed [+1] wire ring [of gain constitution] Wands c - an uncursed wand of polymorph (0:3) A - an uncursed balsa wand [of nothing (0:5)] E - a blessed wand of striking [0:2] T - a cursed wand of polymorph (0:6) W - an uncursed wand of striking [0:5] Tools r - 2 uncursed [tallow] candles s - an uncursed bag called sackedy [sack] t - an uncursed lock pick y - an uncursed [wax] candle K - an uncursed bag called sackedy [sack] N - an uncursed magic lamp V - an uncursed key [skeleton key] X - an [uncursed tooled] horn Y - an [uncursed] bag [of holding] Z - an [uncursed oil] lamp Gems w - an uncursed green gem [worthless glass] x - an uncursed red gem [worthless glass] B - 2 uncursed white gems [dilithium crystal] C - 2 uncursed black gems [jet] G - 3 uncursed orange gems [worthless glass] I - 2 uncursed violet gems [worthless glass] L - an uncursed yellowish brown gem [worthless glass] Spells known in the end: Name Level Category Fail Memory a - force bolt 1 attack 0% [||||||||] b - light 1 divination 0% [||||||||] Your skills at the end: Fighting Skills Weapon Skills quarterstaff [Basic / Expert] Spellcasting Skills attack spells [Basic / Expert] enchantment spells [Basic / Skilled] Final Attributes: You were fervently aligned. Hunger level was 435. Your alignment was 10 / 19. Monster difficulty range was 0 - 6. Level difficulty was 5. You were immune to cold. You were immune to sleep. You were immune to level-drain. You were magic-protected. You could fly. You could survive without air. You regenerated. You had reflection. You had free action. Your luck was zero. You are dead. Vanquished creatures: a ghost a giant mimic a large mimic a housecat a dwarf lord a quasit a violet fungus 4 gnome lords 5 dwarves 4 rothes 3 dwarf zombies an iguana 2 acid blobs a hobbit a yellow mold 22 gnomes a gnome zombie 9 jackals 2 goblins 2 grid bugs 2 lichens 3 newts 69 creatures vanquished. Voluntary challenges: You used a wielded weapon 64 times. You read items or engraved 3 times. You put on armor 4 times. You never genocided any monsters. You polymorphed 5 items. You never changed form. You used no wishes. You wrote Elbereth's name 2 times. You encountered 1 bones level. You never used any Sokoban shortcuts. Dungeon overview: The Dungeons of Doom: levels 1 to 2 Level 1 a long staircase Level 2 stairs to The Gnomish Mines The Gnomish Mines: levels 3 to 5 Level 3 stairs to The Dungeons of Doom Level 5 <- You were here many shops, a temple, a magic chest, some fountains History has recorded: On T:1 you entered the Dungeons of Doom to retrieve the Amulet of Yendor! On T:643 you reached level 2 of The Dungeons of Doom. On T:760 you reached level 1 of The Gnomish Mines. On T:774 you advanced to experience level 2. On T:780 you advanced to experience level 3. On T:789 you advanced to experience level 4. On T:804 you advanced to experience level 5. On T:1053 you reached level 2 of The Gnomish Mines. On T:1070 you advanced to experience level 6. On T:1391 you reached level 3 of The Gnomish Mines. On T:1401 you advanced to experience level 7. Latest messages: Kipawa booms: "morgoth, you are a thief!" You hear the shrill sound of a guard's whistle. You feel shuddering vibrations. Kipawa hits! (2x) [HP-13=47] Kipawa hits! (2x) [HP-20=27] [HP+1=28] The watchman tries to wield a lance. The watchman's dagger is welded to his hand! [HP+1=29] The rope golem drops a cursed dagger. The rope golem breaks out of its armor! You feel shuddering vibrations. Kipawa hits! (3x) You die... Kipawa looks at your corpse and disappears. The sack is empty. (2x) The bag of holding is empty. Final status: Goodbye morgoth the Wizard... You died in The Gnomish Mines on dungeon level 5 with 4268 points, and 3555 pieces of gold, after 1849 moves. You were level 7 with a maximum of 60 hit points when you died.